 Dungeon Crawl Stone Soup version 0.19-a0-1899-g2d93087 (webtiles) character file.

531 Kingduke777 the Magician (level 7, -8/54 HPs)
             Began as a Deep Elf Wizard on Oct 19, 2016.
             Was a Believer of Sif Muna.
             Killed by divine providence
             ... invoked by an orc priest
              (13 damage)
             ... on level 5 of the Dungeon on Oct 20, 2016.
             The game lasted 00:27:42 (5330 turns).

Kingduke777 the Magician (Deep Elf Wizard)          Turns: 5330, Time: 00:27:42

Health: -8/54      AC:  4    Str:  9    XL:     7   Next: 3%
Magic:  3/19       EV: 13    Int: 25    God:    Sif Muna [**....]
Gold:   179        SH:  0    Dex: 13    Spells: 6 memorised, 6 levels left

rFire  + . .     SeeInvis .     b - +2 flail (holy)
rCold  x . .     Gourm    .     n - +0 robe
rNeg   . . .     Faith    .     (no shield)
rPois  .         Spirit   .     u - +0 hat
rElec  .         Reflect  .     g - +0 cloak
rCorr  .         Harm     .     (no gloves)
MR     .....                    C - +0 pair of boots
Stlth  ..........               (no amulet)
                                w - ring of fire
                                (no ring)

@: berserking (expiring), repel missiles, very quick
A: no striking features
a: Divine Energy, Renounce Religion


You were on level 5 of the Dungeon.
You worshipped Sif Muna.
Sif Muna was pleased with you.
You were very hungry.

You visited 1 branch of the dungeon, and saw 5 of its levels.

You collected 179 gold pieces.

Inventory:

Hand Weapons
 b - a +2 flail of holy wrath (weapon)
 y - a +0 rapier
Missiles
 l - 65 stones (quivered)
Armour
 g - a +0 cloak (worn)
 n - a +0 robe (worn)
 u - a +0 hat (worn)
 C - a +0 pair of boots (worn)
Magical Staves
 a - an uncursed staff of wizardry
Jewellery
 w - a ring of fire (right hand)
Wands
 i - a wand of random effects (12/48)
Scrolls
 f - 3 scrolls of remove curse
 q - a scroll of immolation {unknown}
 v - a scroll of fog {unknown}
 x - a scroll of blinking
 z - 2 scrolls of amnesia {unknown}
 B - a scroll of recharging {unknown}
Potions
 e - 3 potions of agility {unknown}
 h - 3 potions of curing {unknown}
 k - a potion of brilliance
 o - a potion of flight {unknown}
 p - a potion of cancellation {unknown}
 s - a potion of heal wounds {unknown}
 t - a potion of lignification {unknown}
Books
 c - a book of Minor Magic

   Spells                             Type                      Level
   a - Magic Dart                     Conjuration                  1
   b - Blink                          Translocation                2
   c - Call Imp                       Summoning                    2
   d - Repel Missiles                 Charms/Air                   2
   e - Slow                           Hexes                        2
   f - Conjure Flame                  Conjuration/Fire             3
   g - Mephitic Cloud                 Conjuration/Poison/Air       3
Comestibles
 d - 6 bread rations
 m - 2 meat rations
 r - a beef jerky


   Skills:
 - Level 2.4 Dodging
 - Level 2.4 Stealth
 + Level 6.9 Spellcasting
 + Level 3.5 Conjurations
 - Level 4.2 Summonings
 - Level 1.1 Translocations
 - Level 3.0 Fire Magic
 + Level 1.6 Air Magic


You had 6 spell levels left.
You knew the following spells:

 Your Spells              Type           Power        Failure   Level  Hunger
a - Magic Dart            Conj           ####         1%          1    None
b - Mephitic Cloud        Conj/Pois/Air  ###.....     12%         3    None
c - Call Imp              Summ           ####....     1%          2    None
d - Conjure Flame         Conj/Fire      #####...     6%          3    None
e - Blink                 Tloc           N/A          10%         2    None
f - Repel Missiles        Chrm/Air       ##....       10%         2    None


Dungeon Overview and Level Annotations

Branches:
Dungeon (5/15)
 Temple: D:4-7

Altars:
Elyvilon
Fedhas
Hepliaklqana
Makhleb
Sif Muna
Uskayaw

Annotations:
D:1 exclusion: downstairs
D:2 exclusion: downstairs
D:4 exclusion: downstairs


Message History

You hit the giant cockroach.
The giant cockroach is moderately wounded.
The giant cockroach completely misses you.
The orc priest mumbles some strange prayers to Beogh against you.
Beogh smites you!
* * * LOW HITPOINT WARNING * * *
The giant cockroach closely misses you.
You thump the giant cockroach!
You kill the giant cockroach!
Sif Muna accepts your kill.
Okay, then.
A red film seems to cover your vision as you go berserk!
You feel yourself moving faster!
You feel mighty! The orc closely misses you.
Unknown command.
You feel a strong urge to attack something.
The orc priest misses you.
You barely miss the orc priest.
The orc priest calls down the wrath of Beogh upon you.
Beogh smites you!
You die...

#. #?# .# #o# .# ..#
.# ..# . ..# . ##.# #
# .# .. #######
##.##.##.#####.....##
o>....#........o@...#
##.##.#..####.?###o.##
# ...........55.....%#
# #.#..####..###..####
#####.#.#####5.###..#
[.....#....o.†......#
#####.#.#############
#...# #####


You could see an orc priest and an orc.

Vanquished Creatures
  A sky beast (D:5)
  2 phantoms (D:4)
  An orc priest (D:5)
  An adder (D:5)
  A worm (D:2)
  A dart slug (D:1)
  A leopard gecko (D:2)
  2 orcs
  A ball python (D:3)
  7 bats
  5 giant cockroaches
  8 goblins
  9 hobgoblins
  3 jackals
  2 quokkas
  3 frilled lizards
  4 kobolds
  A quokka skeleton (D:5)
  4 rats
57 creatures vanquished.

Vanquished Creatures (collateral kills)
  A hound (D:4)
  An orc priest (D:3)
  2 iguanas (D:4)
  Terence (D:2)
  3 worker ants
  3 gnolls (D:3)
  3 adders
  An ooze (D:4)
  2 worms
  11 orcs
  A bat (D:2)
  A giant cockroach (D:3)
  A goblin (D:2)
  2 hobgoblins (D:3)
  A jackal (D:3)
  A ball python (D:3)
  2 kobolds
  A rat (D:2)
38 creatures vanquished.

Grand Total: 95 creatures vanquished

Notes
Turn   | Place    | Note
-------+----------+-------------------------------------------
     0 | D:1      | Kingduke777 the Deep Elf Wizard began the quest for the Orb.
     0 | D:1      | Reached XP level 1. HP: 10/10 MP: 7/7
   209 | D:1      | Reached XP level 2. HP: 15/15 MP: 6/9
   214 | D:1      | Learned a level 2 spell: Blink
   217 | D:1      | Learned a level 2 spell: Call Imp
   949 | D:2      | Noticed Terence
  1109 | D:2      | Reached XP level 3. HP: 19/19 MP: 3/10
  1187 | D:2      | Learned a level 3 spell: Conjure Flame
  1399 | D:2      | Found a blossoming altar of Fedhas.
  1524 | D:2      | Killed Terence
  1722 | D:2      | Learned a level 3 spell: Mephitic Cloud
  2023 | D:2      | Found a deep blue altar of Sif Muna.
  2029 | D:2      | Became a worshipper of Sif Muna the Loreminder
  2240 | D:3      | Reached skill level 5 in Spellcasting
  2294 | D:3      | Reached XP level 4. HP: 24/24 MP: 10/13
  2663 | D:3      | Found a burning altar of Makhleb.
  2792 | D:3      | Reached skill level 1 in Fire Magic
  2931 | D:3      | Reached * piety under Sif Muna
  3152 | D:4      | Reached XP level 5. HP: 28/28 MP: 5/15
  3166 | D:4      | Learned a level 2 spell: Repel Missiles
  3209 | D:4      | Noticed a phantom
  3324 | D:4      | Killed a phantom
  3485 | D:4      | Noticed a phantom
  3508 | D:4      | Killed a phantom
  3508 | D:4      | Reached skill level 6 in Spellcasting
  3508 | D:4      | Reached XP level 6. HP: 17/32 MP: 1/17
  4014 | D:4      | Found a white marble altar of Elyvilon.
  4362 | D:4      | Found a hazy altar of Hepliaklqana.
  4652 | D:5      | Entered Level 5 of the Dungeon
  4725 | D:5      | Noticed a sky beast
  4730 | D:5      | Killed a sky beast
  4730 | D:5      | Reached skill level 1 in Air Magic
  4811 | D:5      | Reached ** piety under Sif Muna
  5234 | D:5      | Found a hide-covered altar of Uskayaw.
  5237 | D:5      | Noticed an ice beast
  5266 | D:5      | Reached XP level 7. HP: 21/36 MP: 1/19
  5330 | D:5      | Killed from afar by an orc priest

Vault maps used:
D:1:      dpeg_arrival_central
D:2:      nicolae_overflow_crystal_walls, led_sif_pool, first_bread,
          uniq_terence
D:3:      lemuel_doored_altar
D:4:      lemuel_crystal_altar, marbit_many_paths
D:5:      eat_drink_and_be_merry_uskayaw, overflow_temple_1_default,
          minmay_misc_feat_pillars, fedhas_altar_3, uniq_crazy_yiuf_cottage

Skill      XL: |  1  2  3  4  5  6 |
---------------+-------------------+-----
Conjurations   | 2 3 |  3.5
Summonings     | 2 3 4 |  4.2
Spellcasting   | 5 6 |  6.9
Fire Magic     | 1 2 3 |  3.0
Air Magic      | 1 |  1.6
Dodging        | |  2.4
Stealth        | |  2.4
Translocations | |  1.1

Action                   |  1- 3 |  4- 6 |  7- 9 || total
-------------------------+-------+-------+-------++-------
Melee: Rapier            |       |     2 |       ||     2
       Flail             |       |    12 |     3 ||    15
Throw: Stone             |       |     2 |       ||     2
       Throwing net      |       |     1 |       ||     1
 Cast: Magic Dart        |    64 |    77 |       ||   141
       Call Imp          |    19 |    47 |     3 ||    69
       Repel Missiles    |       |     1 |       ||     1
       Conjure Flame     |       |     5 |       ||     5
       Mephitic Cloud    |       |     2 |     1 ||     3
  Use: Scroll            |       |     4 |       ||     4
       Potion            |       |       |     1 ||     1
 Stab: Confused          |       |     2 |       ||     2
  Eat: Chunk             |     4 |     8 |       ||    12
Armor: Robe              |     5 |     3 |     4 ||    12
Dodge: Dodged            |    20 |    13 |     6 ||    39
